 Dungeon Crawl Stone Soup version 0.22-a0-877-g5c4e1afb51 (webtiles) character file.

3164 Htamos the Fighter (level 9, -5/97 HPs)
             Began as an Ogre Fighter on July 29, 2018.
             Was an Initiate of Okawaru.
             Slain by a hornet (14 damage)
             ... on level 8 of the Dungeon.
             The game lasted 00:17:41 (11190 turns).

Htamos the Fighter (Ogre Fighter)                  Turns: 11190, Time: 00:17:42

Health: -5/97      AC:  3    Str: 24    XL:     9   Next: 94%
Magic:  9/9        EV: 11    Int:  9    God:    Okawaru [......]
Gold:   297        SH: 12    Dex: 11    Spells: 8/8 levels left

rFire    + . .     SeeInvis .     - Unarmed
rCold    + . .     Gourm    .   b - +2 shield
rNeg     . . .     Faith    .   a - +0 robe
rPois    +         Spirit   .   (helmet restricted)
rElec    +         Reflect  .   (no cloak)
rCorr    +         Harm     .   (gloves unavailable)
MR       .....                  (boots unavailable)
Stlth    +.........             n - amulet of the acrobat
HPRegen  0.26/turn              (no ring)
MPRegen  0.11/turn              (no ring)

@: resistant, slowed, very slow
A: large, unfitting armour, strong 1, tough skin 1, subdued magic 1
a: Renounce Religion


You were on level 8 of the Dungeon.
You worshipped Okawaru.
Okawaru was noncommittal.
You were not hungry.

You visited 2 branches of the dungeon, and saw 9 of its levels.
You also visited: Sewer.

You collected 297 gold pieces.

Inventory:

Hand Weapons
 h - a +2 dire flail of holy wrath
Armour
 a - a +0 robe (worn)
 b - a +2 shield (worn)
Jewellery
 n - an amulet of the acrobat (around neck)
Scrolls
 e - a scroll of blinking
 f - a scroll of magic mapping
 g - 4 scrolls of identify
 i - a scroll of amnesia
 l - a scroll of fear
 p - 4 scrolls of teleportation
Potions
 m - a potion of resistance
 o - 5 potions of flight
Comestibles
 d - 10 rations


   Skills:
 + Level 8.9 Fighting
 + Level 6.2 Dodging
 + Level 6.2 Shields
 * Level 8.0 Unarmed Combat


You had 8 spell levels left.
You didn't know any spells.
Your spell library was empty.

Dungeon Overview and Level Annotations

Branches:
Dungeon (8/15)             Temple (1/1) D:4
   Lair: D:8-11

Altars:
Cheibriados
Elyvilon
Fedhas
Gozag
Hepliaklqana
Kikubaaqudgha
Makhleb
Nemelex Xobeh
Okawaru
Qazlal
Ru
Sif Muna
Trog
Uskayaw
Vehumet
Wu Jian
Xom
Yredelemnul
Zin
The Shining One

Annotations:
D:6 Eustachio


Innate Abilities, Weirdness & Mutations

You are too large for most types of armour.
You have tough skin. (AC +1)
Your muscles are strong. (Str +2)
Your spells are a little easier to cast, but a little less powerful.


Message History

You can move again.
Unknown command.
You closely miss the hornet.
The hornet is moderately wounded.
You block the hornet's attack. The hornet stings you.
* * * LOW HITPOINT WARNING * * *
You shrug off the repeated paralysis!
You closely miss the hornet.
The hornet is moderately wounded.
The hornet stings you!
* * * LOW HITPOINT WARNING * * *
The hornet stings you!
* * * LOW HITPOINT WARNING * * *
You punch the hornet!
The hornet is severely wounded.
You block the hornet's attack. x2
You hit the hornet.
The hornet is almost dead.
The hornet barely misses you. The hornet stings you!
You die...

.## #.# ..# #.. #.#
..########### #.#
............# #.#
..#########.# #.# ..#
#.# #.# ### #.# #.# #
#.# #y# # #.# #@# #
########.####.#####.
#
#................!..#
#.###################
#.# #.# #.# #.# #.#


You could see a hornet.

Vanquished Creatures
  Pikel (D:7)
  A wraith (D:8)
  Menkaure (D:7)
  Edmund (D:4)
  A black bear (D:6)
  An orc warrior (D:8)
  2 ice beasts (D:6)
  2 necrophages
  2 ogres (D:4)
  2 centaurs (D:7)
  A big kobold (D:7)
  5 bullfrogs
  A scorpion (D:5)
  3 wights (D:6)
  A howler monkey (D:4)
  5 crimson imps
  4 hounds
  3 orc wizards
  3 orc priests
  A bullfrog skeleton (D:4)
  2 iguanas
  Natasha (thrice) (D:2)
  8 worker ants
  A worker ant zombie (D:8)
  5 adders
  7 oozes
  An adder zombie (D:8)
  6 worms
  5 leopard geckos
  21 orcs
  11 bats
  11 giant cockroaches
  5 goblins
  8 hobgoblins
  16 jackals
  2 quokkas
  4 ball pythons
  7 frilled lizards
  A kobold (D:1)
  A quokka zombie (D:8)
  9 rats
175 creatures vanquished.

Vanquished Creatures (others)
  A slave (D:7)
  A quokka (D:7)
2 creatures vanquished.

Grand Total: 177 creatures vanquished

Notes
Turn   | Place    | Note
-------+----------+-------------------------------------------
     0 | D:1      | Htamos the Ogre Fighter began the quest for the Orb.
     0 | D:1      | Reached XP level 1. HP: 24/24 MP: 1/1
   372 | D:1      | Reached XP level 2. HP: 30/32 MP: 2/2
   857 | D:2      | Noticed Natasha
   864 | D:2      | Killed Natasha
   864 | D:2      | Reached XP level 3. HP: 24/40 MP: 3/3
  1077 | D:2      | Noticed Natasha
  1105 | D:2      | Killed Natasha
  1105 | D:2      | Reached XP level 4. HP: 13/49 MP: 4/4
  1132 | D:2      | Noticed Natasha
  1143 | D:2      | Killed Natasha
  1757 | D:3      | Found a glowing drain.
  1782 | D:3      | Reached XP level 5. HP: 42/55 MP: 5/5
  1811 | Sewer    | Entered a sewer
  2445 | Sewer    | Reached skill level 5 in Fighting
  3084 | D:3      | Found an ancient bone altar of Kikubaaqudgha.
  3303 | D:3      | Found a glowing silver altar of Zin.
  3633 | D:4      | Reached XP level 6. HP: 13/66 MP: 6/6
  4069 | D:4      | Noticed Edmund
  4119 | D:4      | Killed Edmund
  4352 | D:4      | Found a staircase to the Ecumenical Temple.
  4367 | Temple   | Entered the Ecumenical Temple
  4912 | D:4      | Reached XP level 7. HP: 54/74 MP: 7/7
  5255 | D:4      | Found a hazy altar of Hepliaklqana.
  5769 | D:5      | Entered Level 5 of the Dungeon
  5887 | D:5      | Reached skill level 5 in Unarmed Combat
  6538 | D:5      | Reached XP level 8. HP: 52/84 MP: 8/8
  7837 | D:6      | Reached skill level 5 in Shields
  7872 | D:6      | Reached skill level 5 in Dodging
  8129 | D:6      | Reached XP level 9. HP: 31/93 MP: 9/9
  8321 | D:6      | Noticed Eustachio
  8347 | D:6      | Gained mutation: Your spells are a little easier to cast, but a little less powerful. [potion of mutation]
  8347 | D:6      | Gained mutation: Your muscles are strong. (Str +2) [potion of mutation]
  8721 | D:6      | Found an opulent altar of Gozag.
  9245 | D:7      | Noticed Menkaure
  9255 | D:7      | Killed Menkaure
  9452 | D:7      | Noticed Pikel
  9479 | D:7      | Killed Pikel
  9981 | D:7      | Found a bloodstained altar of Trog.
 10163 | D:8      | Found an ornate altar of the Wu Jian Council.
 10165 | D:8      | Noticed a two-headed ogre
 11038 | D:8      | Found a snail-covered altar of Cheibriados.
 11038 | D:8      | Found a glowing golden altar of the Shining One.
 11052 | D:8      | Found a white marble altar of Elyvilon.
 11054 | D:8      | Found an iron altar of Okawaru.
 11055 | D:8      | Found a stormy altar of Qazlal.
 11059 | D:8      | Became a worshipper of Warmaster Okawaru
 11176 | D:8      | Noticed a hornet
 11181 | D:8      | Paralysed by a hornet for 1 turns
 11185 | D:8      | Paralysed by a hornet for 2 turns
 11190 | D:8      | Slain by a hornet

Vault maps used:
D:1:      minmay_arrival_jagged
D:2:      uniq_natasha
D:3:      kiku_gazebo_garden_becter, zin_academy, portal_sewer_entry_f
D:4:      lemuel_crystal_altar, temple_doors_e, first_ration, uniq_edmund
D:6:      grunt_gozag_statues, uniq_eustachio
D:7:      old_standard_altar, st_stairs_8, uniq_menkaure, uniq_pikel
D:8:      chequers_temple_overflow_minitemple, nicolae_overflow_hidden_temple,
          basic_altar
Temple:   jpeg_temple_alley_garden
Sewer:    sewer_fruit_machine

Skill      XL: |  1  2  3  4  5  6  7  8  9 |
---------------+----------------------------+-----
Unarmed Combat | 2 3 4 5 6 8 |  8.0
Dodging        | 3 4 5 6 |  6.2
Shields        | 3 4 5 6 |  6.2
Fighting       | 5 6 7 8 |  8.9

Action                   |  1- 3 |  4- 6 |  7- 9 || total
-------------------------+-------+-------+-------++-------
Melee: Unarmed           |   106 |   431 |   464 ||  1001
Evoke: Wand              |       |       |    25 ||    25
  Use: Potion            |     2 |     9 |    11 ||    22
       Scroll            |       |     8 |     9 ||    17
 Stab: Sleeping          |       |     1 |       ||     1
  Eat: Chunk             |     1 |    13 |    17 ||    31
       Ration            |       |       |     1 ||     1
Armor: Robe              |    25 |    90 |    47 ||   162
       Skin              |       |       |     1 ||     1
Dodge: Dodged            |    33 |   166 |   138 ||   337
Block: Shield            |    32 |   228 |   230 ||   490

Table legend:
 A = Spawn XP
 B = Non-spawn XP
 C = Spawn XP percentage of total XP
 D = Spawn monster count
 E = Non-spawn monster count
 F = Spawn count percentage of total count
 G = Total turns spent on level
                    A         B        C        D         E        F      G
               +---------+---------+-------+---------+---------+-------+---------
         Total |       0 |    4520 |   0.0 |       0 |     173 |   0.0 | 11190
               +---------+---------+-------+---------+---------+-------+---------
           D:1 |       0 |      15 |   0.0 |       0 |      12 |   0.0 |   725
           D:2 |       0 |     132 |   0.0 |       0 |      16 |   0.0 |   952
           D:3 |       0 |      70 |   0.0 |       0 |      30 |   0.0 |   879
           D:4 |       0 |     657 |   0.0 |       0 |      19 |   0.0 |  2113
           D:5 |       0 |     555 |   0.0 |       0 |      26 |   0.0 |  2018
           D:6 |       0 |     989 |   0.0 |       0 |      23 |   0.0 |  1035
           D:7 |       0 |    1288 |   0.0 |       0 |       9 |   0.0 |  1564
           D:8 |       0 |     732 |   0.0 |       0 |      15 |   0.0 |   804
         Sewer |       0 |      82 |   0.0 |       0 |      23 |   0.0 |   961
               +---------+---------+-------+---------+---------+-------+---------
